 Dungeon Crawl Stone Soup version 0.31-a0-851-g7ff8af7976 (webtiles) character file.

Game seed: 3495564552995045616

1077 Kurtz the Sneak (level 8, -3/73 HPs)
             Began as a Naga Delver on Oct 8, 2023.
             Was a Believer of Okawaru.
             Slain by a wraith (9 damage)
             ... on level 5 of the Dungeon.
             The game lasted 00:06:44 (5060 turns).

Kurtz the Sneak (Naga Delver)                       Turns: 5060, Time: 00:06:45

Health: -3/73      AC:  6    Str: 21 (22) XL:     8   Next: 29%
Magic:  11/11      EV: 10    Int: 10 (12) God:    Okawaru [**....]
Gold:   163        SH:  8    Dex: 10 (12) Spells: 7/7 levels left

rFire   . . .        A - +0 war axe
rCold   . . .        b - +0 kite shield
rNeg    . . .        y - +0 chain mail
rPois   +            (helmet restricted)
rElec   .            (no cloak)
rCorr   .            (no gloves)
SInv    +            (no barding)
Will    +....        (no amulet)
Stlth   +            l - +5 ring of evasion
HPRegen 0.32/turn    n - +6 ring of strength
MPRegen 0.12/turn

%: no passive effects
@: slowed, very slow
A: AC +2, large, see invisible, deformed body, poison resistance, slowness 2,
spit poison 1, naga tail 1, horns 2, mutation resistance 1
a: Spit Poison, Renounce Religion, Heroism


You were on level 5 of the Dungeon.
You worshipped Okawaru.
Okawaru was pleased with you.
You visited 2 branches of the dungeon, and saw 6 of its levels.

You collected 163 gold pieces.

Inventory:

Hand Weapons
 e - a +0 flail of draining
 A - a +0 war axe (weapon)
Missiles
 p - 13 poisoned darts
 r - 2 boomerangs
 z - a throwing net (quivered)
Armour
 b - a +0 kite shield (worn)
 t - a +0 helmet
 y - a +0 chain mail (worn)
Jewellery
 i - a ring of magical power
 l - a +5 ring of evasion (left hand)
 n - a +6 ring of strength (right hand)
 x - a ring of magical power
Wands
 g - a wand of digging (3)
 h - a wand of iceblast (9)
Scrolls
 c - 2 scrolls of fog
 d - 4 scrolls of revelation
 j - 3 scrolls of identify {unknown}
 k - a scroll of enchant armour {unknown}
 m - 2 scrolls of blinking {unknown}
 s - 2 scrolls of teleportation {unknown}
 u - a scroll of poison {unknown}
 w - a scroll of silence {unknown}
Potions
 a - a potion of brilliance
 f - a potion of haste
 o - a potion of degeneration
 v - 2 potions of heal wounds {unknown}
 B - a potion of berserk rage {unknown}


   Skills:
 * Level 4.4 Fighting
 - Level 6.9 Axes
 - Level 1.5 Dodging
 - Level 7.2 Stealth
 * Level 3.1 Shields
 * Level 4.7 Invocations


You had 7 spell levels left.
You didn't know any spells.
Your spell library contained the following spells:

 Spells                   Type           Power      Damage    Failure   Level
 Apportation              Tloc           0%         N/A       100%        1
 Necrotise                Necr           0%         1d4       100%        1
 Summon Small Mammal      Summ           Unusable   N/A       N/A         1

Dungeon Overview and Level Annotations

Branches:
Dungeon (5/15)             Temple (1/1) D:5

Altars:
Ashenzari
Cheibriados
Dithmenos
Elyvilon
Gozag
Hepliaklqana
Kikubaaqudgha
Makhleb
Nemelex Xobeh
Okawaru
Ru
Sif Muna
Vehumet
Wu Jian
Xom
Yredelemnul
Zin

Shops:
D:3 =   D:4 (*

Annotations:
D:2 Sigmund
D:5 exclusion: iguana
Temple 4 transporters


Innate Abilities, Weirdness & Mutations

Your serpentine skin is tough. (AC +2)
You have supernaturally acute eyesight. (SInv)
Armour fits poorly on your strangely shaped body.
Your system is resistant to poisons. (rPois)
You cover ground very slowly.
You can spit poison.
You have a snake-like lower body.
You have a pair of horns on your head.
You are somewhat resistant to further mutation.


Message History

The wraith is heavily damaged.
The wraith hits you!
You hit the wraith.
The wraith is severely damaged.
You block the wraith's attack. The wraith hits you!
The wraith drains your vigour!
You feel as though you will be slow longer.
You barely miss the wraith.
The wraith is severely damaged.
The wraith hits you. You block the wraith's attack.
You barely miss the wraith.
The wraith is severely damaged.
The wraith hits you! You block the wraith's attack.
You hit the wraith.
The wraith is severely damaged.
The wraith hits you but does no damage. The wraith hits you!
* * * LOW HITPOINT WARNING * * *
The wraith drains your vigour!
You feel as though you will be slow longer.
You closely miss the wraith.
The wraith is severely damaged.
The wraith hits you.
* * * LOW HITPOINT WARNING * * *
The wraith drains your vigour!
You feel as though you will be slow longer.
The wraith hits you!
* * * LOW HITPOINT WARNING * * *
It was a potion of degeneration.
There was something very wrong with that liquid.
You feel weakened.
You feel dopey.
You feel clumsy. You block the wraith's attack. The wraith hits you.
* * * LOW HITPOINT WARNING * * *
The wraith drains your vigour!
You feel as though you will be slow longer.
It was a potion of mutation.
You feel extremely strange. A pair of horns grows on your head!
Your +0 helmet falls away!
The horns on your head grow some more.
You feel genetically stable. The wraith hits you!
You die...

## ###### .##
####..#.##.#### ..#
#....@W........ ..#
##..#..#........ .#######
##..#............ ####...#
#..##........#... #.##.).#
#..#............#
#.##...###..##...........#
....#...#................#
.#....#............#.#...#
.####.###.........


You could see a wraith.

Vanquished Creatures
  Edmund (D:5)
  Duvessa (D:5)
  An ice beast (D:5)
  A sky beast (D:5)
  A phantom (D:4)
  A scorpion (D:4)
  A gnoll sergeant (D:4)
  3 hounds
  3 iguanas
  An orc wizard (D:4)
  Ijyb (D:5)
  Natasha (twice) (D:2 D:1)
  Robin (D:1)
  10 gnolls
  An adder (D:2)
  An ufetubus (D:5)
  2 dart slugs
  5 orcs
  9 endoplasms
  8 giant cockroaches
  15 goblins
  7 hobgoblins
  4 jackals (D:3)
  2 quokkas
  4 ball pythons
  5 bats
  A frilled lizard (D:2)
  6 kobolds
  10 rats
108 creatures vanquished.

Notes
Turn   | Place    | Note
-------+----------+-------------------------------------------
     0 | D:5      | Kurtz the Naga Delver began the quest for the Orb.
     0 | D:5      | Reached XP level 1. HP: 21/21 MP: 1/1
     4 | D:5      | Found a staircase to the Ecumenical Temple.
    13 | D:5      | Noticed an iguana
    17 | Temple   | Found a transporter.
    17 | Temple   | Found a transporter.
    17 | Temple   | Found a transporter.
    17 | Temple   | Found a transporter.
    17 | Temple   | Entered the Ecumenical Temple
    35 | Temple   | Became a worshipper of Warmaster Okawaru
    74 | D:4      | Found Eskuqikhlu's Antique Weapon Emporium.
    85 | D:5      | Noticed Ijyb
    85 | D:5      | Noticed a scorpion
   100 | D:4      | Noticed an iguana
   100 | D:4      | Found Raup's Mayhem Merchandise.
   236 | D:2      | Reached skill level 1 in Invocations
   241 | D:2      | Reached XP level 2. HP: 15/28 MP: 2/2
   305 | D:2      | Noticed Sigmund
   397 | D:2      | Noticed Natasha
   405 | D:2      | Killed Natasha
   406 | D:2      | Reached XP level 3. HP: 6/34 MP: 2/4
   589 | D:1      | Found a faded altar of an unknown god.
  1081 | D:1      | Reached XP level 4. HP: 42/42 MP: 5/5
  1172 | D:2      | Noticed Robin
  1211 | D:1      | Killed Robin
  1259 | D:2      | Noticed Natasha
  1273 | D:1      | Killed Natasha
  1449 | D:2      | Reached XP level 5. HP: 38/49 MP: 6/6
  1997 | D:3      | Found a radiant altar of Vehumet.
  2444 | D:3      | Reached skill level 5 in Axes
  2532 | D:3      | Found Purharra's Jewellery Boutique.
  2659 | D:3      | Found a shimmering altar of Xom.
  2659 | D:3      | Found a snail-covered altar of Cheibriados.
  2977 | D:4      | Reached XP level 6. HP: 49/56 MP: 8/8
  3093 | D:4      | Reached * piety under Okawaru
  3413 | D:4      | Found a white marble altar of Elyvilon.
  3500 | D:4      | Reached XP level 7. HP: 39/62 MP: 9/9
  4437 | D:5      | Killed Ijyb
  4438 | D:5      | Reached skill level 1 in Shields
  4458 | D:5      | Reached ** piety under Okawaru
  4656 | D:5      | Found a shimmering blue altar of Sif Muna.
  4703 | D:5      | Found an opulent altar of Gozag.
  4740 | D:5      | Reached XP level 8. HP: 63/72 MP: 11/11
  4772 | D:5      | Noticed Edmund
  4776 | D:5      | Noticed Duvessa
  4788 | D:5      | Killed Edmund
  4798 | D:5      | Killed Duvessa
  5021 | D:5      | Identified the +8 sling of the Volcano {drain, rC+++}
  5042 | D:5      | Noticed a wraith
  5060 | D:5      | Gained mutation: You have a pair of small horns on your
                  | head. [potion of mutation]
  5060 | D:5      | Gained mutation: You have a pair of horns on your head.
                  | [potion of mutation]
  5060 | D:5      | Gained mutation: You are somewhat resistant to further
                  | mutation. [potion of mutation]
  5060 | D:5      | Slain by a wraith

Illustrated notes

Levels and vault maps discovered:
D:1:      psy_arrival_whirlpool, layout_rooms,
          shapermc_ecumenical_altar_starsandcircs, serial_bayou_pond_d,
          minmay_quantized
D:2:      layout_basic, serial_corexii_hall, corexii_hall_statues_i,
          corexii_hall_statues_l, chequers_serial_rivers_micro_a, uniq_natasha,
          uniq_sigmund, uniq_robin
D:3:      layout_basic, gammafunk_temple_overflow_pools,
          mainiacjoe_overflow_six_doors_small, serial_shops,
          nicolae_shop_tiny_statue_garden, minmay_strange_pillars,
          minmay_bisected
D:4:      layout_basic, elyvilon_altar_5, minmay_shop_mayhem,
          nicolae_take_the_stairs
D:5:      layout_cave_pools, mainiacjoe_overflow_paths,
          mainiacjoe_overflow_alcove_1, minmay_temple_entry_waves,
          serial_column_ruins, column_ruins_hut, column_ruins_hut,
          column_ruins_corridor_straight, column_ruins_grid_3,
          column_ruins_grid_1, column_ruins_columns_straight,
          column_ruins_grid_1, column_ruins_corridor_T, uniq_ijyb, uniq_duvessa,
          uniq_edmund
Temple:   hellmonk_temple_divided_pantheon

Skill      XL: |  1  2  3  4  5  6  7  8 |
---------------+-------------------------+-----
Invocations    | 1 2 3 4 |  4.7
Axes           | 3 4 5 6 |  6.9
Shields        | 2 3 |  3.1
Fighting       | 4 |  4.4
Dodging        | |  1.5
Stealth        | |  7.2

Action                     |  1- 3 |  4- 6 |  7- 9 || total
---------------------------+-------+-------+-------++-------
  Melee: Hand axe          |    68 |   185 |       ||   253
         Punch             |     1 |     2 |       ||     3
         War axe           |       |    20 |   106 ||   126
  Throw: Throwing net      |       |       |     2 ||     2
Ability: Spit Poison       |     1 |       |       ||     1
    Use: Scroll            |     1 |       |       ||     1
         Potion            |       |       |     6 ||     6
   Stab: Sleeping          |     4 |     4 |       ||     8
         Held in net/web   |       |       |     1 ||     1
 Armour: Leather armour    |    27 |       |       ||    27
         Scale mail        |    25 |   113 |       ||   138
         Chain mail        |       |    60 |    80 ||   140
  Dodge: Dodged            |    27 |   169 |    56 ||   252
  Block: Kite shield       |       |       |    38 ||    38

Table legend: (Time is in decaauts)
 A = Elapsed time spent in this place.
 B = Non-inter-level travel time spent in this place.
 C = Inter-level travel time spent in this place.
 D = Time resting spent in this place.
 E = Time spent auto-exploring this place.
 F = Levels seen in this place.
 G = Mean time per level.
                   A        B        C        D        E       F      G
               +--------+--------+--------+--------+--------+-----+--------+
         Total |   6251 |   6081 |    170 |   1156 |   3693 |   6 | 1041.8 |
       Dungeon |   6200 |   6055 |    145 |   1156 |   3693 |   5 | 1240.0 |
        Temple |     50 |     26 |     24 |      0 |      0 |   1 |   50.0 |
               +--------+--------+--------+--------+--------+-----+--------+

Top non-repeatable levels by time:
     D:4: 1775 daAuts
     D:3: 1318 daAuts
     D:1: 1143 daAuts
     D:2: 1142 daAuts
     D:5: 820 daAuts
  Temple: 50 daAuts
